 Dungeon Crawl Stone Soup version 0.24.0-123-gd5b16e6ec5 (webtiles) character file.

Game seed: 3365333523342644828, levelgen mode: deterministic

4877 Peloso the Carver (level 10, 0/86 HPs)
             Began as a Minotaur Fighter on Jan 8, 2020.
             Was a Priest of Okawaru.
             Killed from afar by an electric eel (15 damage)
             ... with a bolt of electricity
             ... on level 9 of the Dungeon.
             The game lasted 00:22:31 (8772 turns).

Peloso the Carver (Minotaur Fighter)                Turns: 8772, Time: 00:22:32

Health: 0/86       AC: 16    Str: 24    XL:     10   Next: 26%
Magic:  7/9        EV: 11    Int:  5    God:    Okawaru [***...]
Gold:   304        SH: 15    Dex: 10    Spells: 9/9 levels left

rFire    . . .     SeeInvis .   a - +1 long sword
rCold    + . .     Gourm    .   c - +1 shield
rNeg     . . .     Faith    .   J - +0 plate armour
rPois    +         Spirit   .   (helmet restricted)
rElec    .         Reflect  .   (no cloak)
rCorr    .         Harm     .   (no gloves)
MR       .....                  (no boots)
Stlth    ..........             (no amulet)
HPRegen  0.24/turn              h - ring of protection from cold
MPRegen  0.11/turn              A - ring of poison resistance

@: heroism, very slow
A: retaliatory headbutt, horns 2
a: Heroism, Renounce Religion


You were on level 9 of the Dungeon.
You worshipped Okawaru.
Okawaru was most pleased with you.
You were hungry.

You visited 1 branch of the dungeon, and saw 9 of its levels.
You also visited: Ossuary.

You collected 486 gold pieces.
You spent 182 gold pieces at shops.

Inventory:

Hand Weapons
 a - a +1 long sword (weapon)
 b - a +2 rapier of draining
Armour
 c - a +1 shield (worn)
 p - a +0 chain mail
 J - a +0 plate armour (worn)
Jewellery
 h - a ring of protection from cold (left hand)
 k - an uncursed ring of stealth
 q - an uncursed ring of resist corrosion
 y - an uncursed ring of see invisible
 A - a ring of poison resistance (right hand)
Wands
 G - a wand of paralysis (9)
Scrolls
 e - a scroll of blinking
 g - a scroll of noise
 i - 3 scrolls of fear
 j - 3 scrolls of remove curse
 m - 5 scrolls of identify
 o - 4 scrolls of teleportation
 u - a scroll of enchant armour
 x - 2 scrolls of fog {unknown}
 D - a scroll of enchant weapon
 F - a scroll of amnesia
 K - a scroll of silence {unknown}
Potions
 d - a potion of berserk rage
 n - a potion of might
 r - 2 potions of magic {unknown}
 s - a potion of agility {unknown}
 t - 2 potions of mutation
 v - a potion of invisibility {unknown}
 w - 2 potions of ambrosia {unknown}
 z - a potion of lignification {unknown}
 B - a potion of curing
 H - a potion of flight
 I - a potion of brilliance
Comestibles
 f - 17 rations


   Skills:
 + Level 7.1(12.1) Fighting
 + Level 11.1(16.1) Long Blades
 + Level 8.3(13.3) Armour
 + Level 3.8(8.8) Dodging
 + Level 1.4(6.4) Stealth
 + Level 10.1(15.1) Shields
 + Level 0.3 Invocations


You had 9 spell levels left.
You didn't know any spells.
Your spell library was empty.

Dungeon Overview and Level Annotations

Branches:
Dungeon (9/15)             Temple (0/1) D:6            Lair (0/6) D:9
Ossuary (visited)
    Orc: D:9-12

Altars:
Okawaru

Shops:
D:4 !   D:6 :

Annotations:
D:8 Prince Ribbit


Innate Abilities, Weirdness & Mutations

You reflexively headbutt those who attack you in melee.
You have a pair of horns on your head.


Message History

Unknown command.
You barely miss the electric eel. Your headbutt misses the electric eel.
The electric eel is severely wounded.
The electric eel shoots out a bolt of lightning at you!
The bolt of electricity hits you.
* * * LOW HITPOINT WARNING * * *
Your plate armour prevents you from hitting the electric eel.
The electric eel is severely wounded.
Your unstable footing causes you to fumble your attack.
The electric eel shoots out a bolt of lightning at you!
The bolt of electricity hits you!
* * * LOW HITPOINT WARNING * * *
You feel much better.
The electric eel shoots out a bolt of lightning at you!
The bolt of electricity hits you!
* * * LOW HITPOINT WARNING * * *
Your unstable footing causes you to fumble your attack.
The electric eel shoots out a bolt of lightning at you!
The bolt of electricity hits you!
You die...

.. ... ...##############
....≈≈≈≈≈≈≈..........#
≈..≈.≈≈≈≈≈≈≈....≈.≈..#
.≈...≈≈≈≈≈≈≈≈≈..≈....#
.≈≈≈≈.;≈≈≈≈≈≈≈.≈≈....#
..≈≈≈≈≈@≈≈≈≈≈.≈≈≈≈...#
..≈≈≈≈.†.≈≈≈.≈≈≈≈≈≈..#
.≈≈≈≈≈≈.....≈≈≈≈≈≈≈..# ....##..
..≈≈≈≈..>.......)....# ........
≈≈≈.≈≈≈.....≈≈≈≈≈≈...#
..>.........≈≈≈..≈...≈≈≈≈.....#
.%........≈.≈≈≈≈≈..≈≈≈≈≈≈≈≈≈..##
............≈≈≈≈≈≈≈≈≈≈≈≈≈≈≈....#
....##......≈./≈≈≈.≈≈..≈≈≈.....#


You could see an electric eel.

Vanquished Creatures
  2 trolls (D:9)
  A hornet (D:7)
  4 yaks (D:9)
  2 hungry ghosts
  Menkaure (Ossuary)
  3 orc warriors
  A black bear (D:6)
  A sky beast (D:5)
  An ice beast (D:5)
  A centaur (D:5)
  5 ogres
  3 bullfrogs (D:6)
  5 wights (D:6)
  A howler monkey (D:5)
  4 electric eels (D:9)
  3 jellies
  4 crimson imps
  A quasit (D:6)
  A centaur zombie (D:5)
  12 hounds
  4 orc priests
  A centaur skeleton (D:9)
  6 orc wizards
  A bullfrog skeleton (D:9)
  3 iguanas
  2 worker ants (D:5)
  A hound zombie (D:5)
  A hound skeleton (D:4)
  3 mummies (Ossuary)
  A howler monkey zombie (D:5)
  Robin (D:3)
  A worker ant zombie (D:6)
  17 gnolls
  8 adders
  A shadow imp (D:5)
  An adder zombie (D:6)
  An adder skeleton (D:4)
  A worm (D:2)
  2 dart slugs
  6 leopard geckos
  33 orcs
  11 bats
  7 giant cockroaches
  3 gnoll zombies (Ossuary)
  12 goblins
  12 hobgoblins
  4 jackals
  4 quokkas
  A ball python (D:4)
  6 frilled lizards
  4 gnoll skeletons (Ossuary)
  6 goblin skeletons (Ossuary)
  9 goblin zombies (Ossuary)
  2 hobgoblin skeletons (Ossuary)
  7 hobgoblin zombies (Ossuary)
  14 kobolds
  3 kobold skeletons (Ossuary)
  4 kobold zombies (Ossuary)
  6 orc skeletons (Ossuary)
  2 orc zombies (Ossuary)
  2 quokka skeletons
  8 rats
  3 rat skeletons (Ossuary)
281 creatures vanquished.

Vanquished Creatures (others)
  A gnoll (D:9)
  A goblin skeleton (Ossuary)
2 creatures vanquished.

Grand Total: 283 creatures vanquished

Notes
Turn   | Place    | Note
-------+----------+-------------------------------------------
     0 | D:1      | Peloso the Minotaur Fighter began the quest for the Orb.
     0 | D:1      | Reached XP level 1. HP: 19/19 MP: 0/0
    99 | D:1      | Reached XP level 2. HP: 19/27 MP: 1/1
   786 | D:2      | Reached XP level 3. HP: 29/33 MP: 2/2
   791 | D:2      | Reached skill level 3 in Long Blades
  1492 | D:3      | Reached XP level 4. HP: 40/40 MP: 3/3
  1544 | D:3      | Noticed Robin
  1549 | D:3      | Killed Robin
  1587 | D:3      | Noticed an ogre
  2050 | D:3      | Killed an ogre
  2050 | D:3      | Reached skill level 4 in Long Blades
  2050 | D:3      | Reached skill level 1 in Dodging
  2050 | D:3      | Reached XP level 5. HP: 22/47 MP: 4/4
  2319 | D:2      | Reached skill level 1 in Stealth
  2326 | D:3      | Reached skill level 5 in Shields
  2595 | D:3      | Reached skill level 5 in Armour
  2686 | D:3      | Reached XP level 6. HP: 53/53 MP: 5/5
  3111 | D:4      | Found Byrcho Bune's Distillery.
  3119 | D:5      | Entered Level 5 of the Dungeon
  3494 | D:5      | Reached skill level 5 in Long Blades
  3760 | D:5      | Noticed an ice beast
  3766 | D:5      | Killed an ice beast
  3766 | D:5      | Reached XP level 7. HP: 38/60 MP: 6/6
  3973 | D:4      | Bought a potion of mutation for 104 gold pieces
  3973 | D:4      | Bought a potion of berserk rage for 65 gold pieces
  3973 | D:4      | Bought a potion of degeneration for 13 gold pieces
  4362 | D:4      | Found an iron altar of Okawaru.
  4395 | D:4      | Became a worshipper of Warmaster Okawaru
  4682 | D:5      | Reached XP level 8. HP: 20/67 MP: 7/7
  5003 | D:5      | Reached skill level 5 in Fighting
  5003 | D:5      | Reached skill level 6 in Long Blades
  5285 | D:6      | Reached * piety under Okawaru
  5359 | D:6      | Found a sand-covered staircase.
  5387 | D:6      | Reached skill level 7 in Long Blades
  5580 | Ossuary  | Entered an ossuary
  5829 | Ossuary  | Noticed Menkaure
  5843 | Ossuary  | Killed Menkaure
  5928 | D:6      | Found Rosuq's Book Boutique.
  5945 | D:6      | Found a staircase to the Ecumenical Temple.
  6131 | D:6      | Reached skill level 8 in Long Blades
  6139 | D:6      | Reached XP level 9. HP: 22/75 MP: 5/8
  6283 | D:6      | Reached ** piety under Okawaru
  6436 | D:6      | Reached skill level 9 in Long Blades
  6527 | D:7      | Paralysed by a hornet for 3 turns
  6895 | D:7      | You fall into a shaft and drop 2 floors!
  6919 | D:8      | Noticed Prince Ribbit
  6929 | D:9      | Noticed a troll
  6949 | D:9      | Killed a troll
  7202 | D:9      | Noticed a troll
  7215 | D:9      | Killed a troll
  7215 | D:9      | Reached *** piety under Okawaru
  7215 | D:9      | Reached skill level 10 in Long Blades
  7334 | D:9      | Reached XP level 10. HP: 67/86 MP: 7/9
  7338 | D:9      | Received a gift from Okawaru
  7348 | D:9      | Reached skill level 10 in Shields
  7692 | D:9      | Reached skill level 11 in Long Blades
  8448 | D:9      | Found a staircase to the Lair.
  8770 | D:9      | HP: 1/86 [electric eel/bolt of electricity (7)]
  8772 | D:9      | Killed from afar by an electric eel

Levels and vault maps discovered:
D:1:      dpeg_arrival_concentric_ovals, layout_basic
D:2:      layout_basic
D:3:      layout_rooms, first_ration, minmay_cut_off, uniq_robin
D:4:      layout_cave_pods, okawaru_altar_gauntlet_db, serial_shops, shop
D:5:      cheibrodos_barr_body, layout_rooms
D:6:      layout_gridville, minmay_temple_entry_antechambers, enter_ossuary_1,
          serial_shops, nicolae_shop_waterfront, minmay_strange_pillars,
          grunt_ministairs_6
D:7:      layout_loops_ring, serial_shops, nicolae_shop_behind_doors,
          hangedman_glass_garden
D:8:      layout_layer_cave, grunt_qazlal_clouds, lemuel_coloured_pillars_altar,
          uniq_pikel, uniq_grum, uniq_prince_ribbit1
D:9:      layout_gridville, kennysheep_little_box, erik_lair_island,
          special_room [special_room_orc], minivault_1

Skill      XL: |  1  2  3  4  5  6  7  8  9 10 |
---------------+-------------------------------+-----
Shields        | 4 5 6 8 9 10 | 10.1
Fighting       | 4 5 7 |  7.1
Armour         | 4 5 6 7 8 |  8.3
Long Blades    | 3 4 5 8 10 11 | 11.1
Dodging        | 1 2 3 |  3.8
Stealth        | 1 |  1.4
Invocations    | |  0.3

Action                   |  1- 3 |  4- 6 |  7- 9 | 10-12 || total
-------------------------+-------+-------+-------+-------++-------
Melee: Long sword        |   104 |   138 |   429 |    94 ||   765
       Headbutt          |     8 |    35 |    88 |    20 ||   151
Invok: Heroism           |       |       |     8 |     2 ||    10
Evoke: Wand              |       |       |       |    15 ||    15
  Use: Potion            |     3 |     5 |     4 |     2 ||    14
       Scroll            |       |       |    11 |       ||    11
 Stab: Paralysed         |       |       |       |     1 ||     1
  Eat: Chunk             |     1 |     8 |    14 |     4 ||    27
Armor: Scale mail        |    50 |    77 |    23 |       ||   150
       Chain mail        |       |       |   139 |     8 ||   147
       Plate armour      |       |       |       |    12 ||    12
Dodge: Dodged            |    42 |    94 |   140 |    17 ||   293
Block: Shield            |    69 |   108 |   322 |    42 ||   541
       Rpst.: Long sword |    13 |    29 |    34 |     7 ||    83
